Unix NetHack Version 5.0.0-0 post-release - last build May 17 2026 04:57:42 (dc50c8380fa5e20985bfe3072449f57b8d9895ef,branch:main).

Game began 2026-05-20 09:47:47, ended 2026-05-21 06:49:47.

Grufus, chaotic male elven Wizard

                                        ---------------
                                        |............q%#
                                        |.............|#
                                        |....?........ #
                                        |............  ?
                                        ----------|--  #
                                                       #
                                                       #
                                                       #               -----
                                                       #----------     |...|
                                                       #|...<....|     |...|
                                                       #|........|  ----...|
                                                       #|........|  |......|
                                                       #.........-##|......|
                                                        |........| #.......|
                                                        |........|  |...----
                                                        ----------  |...|
                                                                    |...|
                                                                    -----

Grufus the Conjurer       St:14 Dx:10 Co:14 In:20 Wi:11 Ch:9  Chaotic
Dlvl:5  $:75 HP:0(24) Pw:34(34) AC:8  Xp:3 T:1792  FoodPois

Latest messages:
 You finish your prayer.
 You feel that Anhur is well-pleased.
 Your stomach feels content.
 In what direction? <space>
 Never mind.
 What do you want to zap? [cwxC or ?*] x
 In what direction? 4
 You hear someone cursing shoplifters.
 The door opens.
 You see here a pair of elven boots.
 You swap places with your kitten.
 You see here a pair of elven boots.
 i - a pair of elven boots.
 What do you want to wear? [i or ?*] i
 You finish your dressing maneuver.
 You walk very quietly.
 There appears to be no shopkeeper here to receive your payment.
 What do you want to put on? [d or ?*] d
 Gee!  All of a sudden, you can't see yourself.
 d - an uncursed ring of invisibility (on left hand).
 You swap places with your kitten.
 The large dog bites!
 The large dog snaps wildly and misses!
 The large dog attacks a spot beside you.
 You miss BeardyHaddock's ghost.
 You hit BeardyHaddock's ghost!
 BeardyHaddock's ghost wakes up!
 There are many objects here.
 You see here a rothe corpse.
 There is a rothe corpse here; eat it? [ynq] (n) y
 Ulch - that meat was tainted!
 You feel deathly sick.
 (It must have died too long ago to be safe to eat.)
 BeardyHaddock's ghost touches you!
 There is nothing here to pick up.
 You already found a monster.  Use 'm' prefix to force another search.
 There is an open door here.
 You see here a kobold corpse.
 The rothe hits!
 The rothe misses!
 The rothe bites!
 You hit the rothe.
 The rothe hits!
 The rothe bites!
 The rothe bites again!
 You hit the rothe!
 The rothe hits!
 You die...
 Do you want your possessions identified? [ynq] (y) y
 Do you want to see your attributes? [ynq] (y) q

Inventory:
 Coins    ('$')
  $ - 75 gold pieces
 Weapons  (')')
  a - a blessed +1 quarterstaff (weapon in hands)
 Armor    ('[')
  i - an uncursed +0 pair of elven boots (being worn)
  b - an uncursed +0 cloak of magic resistance (being worn)
 Scrolls  ('?')
  y - a blessed scroll of destroy armor
  j - 2 uncursed scrolls of identify
  u - an uncursed scroll of scare monster
  k - 4 uncursed scrolls of teleportation
 Spellbooks  ('+')
  m - an uncursed spellbook of chain lightning
  l - a blessed spellbook of force bolt
 Potions  ('!')
  h - a blessed potion of extra healing
  p - 3 uncursed potions of healing
  g - an uncursed potion of monster detection
  z - an uncursed potion of object detection
  t - an uncursed potion of restore ability
  B - an uncursed potion of sickness
  r - an uncursed potion of sleeping
 Rings    ('=')
  d - an uncursed ring of invisibility (on left hand)
  e - an uncursed ring of poison resistance (on right hand)
 Wands    ('/')
  x - a wand of cancellation (0:5)
  C - a wand of light (0:14)
  w - a wand of slow monster named slow monster (0:3)
  c - a wand of stasis (0:6)
 Tools    ('(')
  o - an uncursed wooden flute
  n - a magic marker (0:20)
  s - a cursed oil lamp named cursed
  f - an uncursed stethoscope
 Gems/Stones  ('*')
  q - 2 uncursed worthless pieces of white glass
  v - 2 uncursed worthless pieces of yellow glass

Grufus the Wizard's attributes:

Background:
 You were a Conjurer, a level 3 male elven Wizard.
 You were chaotic, on a mission for Anhur
 who was opposed by Ptah (lawful) and Thoth (neutral).
 You were right-handed.
 You were in the Dungeons of Doom, on level 5.
 You entered the dungeon 1792 turns ago.
 You had 76 experience points, 4 more were needed to attain level 4.

Basics:
 You had 0 out of 24 hit points.
 You had all 34 energy points (spell power).
 Your armor class was 8.
 Your wallet contained 75 zorkmids.
 Autopickup was off.

Final Characteristics:
 Your strength was 14 (limit:18).
 Your dexterity was 10 (limit:18).
 Your constitution was 14 (limit:16).
 Your intelligence was 20 (limit:20).
 Your wisdom was 11 (limit:20).
 Your charisma was 9 (limit:18).

Final Status:
 You were terminally sick from food poisoning.
 You weren't hungry.
 You were unencumbered.
 You were wielding a quarterstaff.
 You had basic skill with quarterstaff.

Final Attributes:
 You were devoutly aligned.
 You were magic-protected.
 You were poison resistant.
 You had infravision.
 You were invisible.
 You were stealthy.
 You were warded.
 You are dead.

Miscellaneous:
 You encountered 1 bones level.
 Total elapsed playing time was 2 hours, 7 minutes and 23 seconds.

Major events:
 Turn
    1: Grufus the chaotic male elven Wizard entered the dungeon
  883: attained the rank of Conjurer (level 3)
 1792: killed by a rothe

Spells:
 Name                 Level Category     Fail Retention
 force bolt             1   attack         0%  91%-100%
 chain lightning        2   attack         0%  91%-100%

Skills:
 Fighting Skills
   bare handed combat [Unskilled]
   riding             [Unskilled]
 Weapon Skills
   dagger             [Unskilled]
   knife              [Unskilled]
   axe                [Unskilled]
   short sword        [Unskilled]
   club               [Unskilled]
   mace               [Unskilled]
   quarterstaff       [Basic]
   polearms           [Unskilled]
   spear              [Unskilled]
   trident            [Unskilled]
   sling              [Unskilled]
   dart               [Unskilled]
   shuriken           [Unskilled]
 Spellcasting Skills
   attack spells      [Basic]
   healing spells     [Unskilled]
   divination spells  [Unskilled]
   enchantment spells [Basic]
   clerical spells    [Unskilled]
   escape spells      [Unskilled]
   matter spells      [Unskilled]

Voluntary challenges:
 Character rerolling was not enabled.
 You never genocided any monsters.
 You never polymorphed an object.
 You never changed form.
 You used no wishes.
Achievements:
 You attained the rank of Conjurer.
 You entered a shop.

 The Dungeons of Doom: levels 1 to 5
    Level 1:
       Some fountains.
    Level 2:
    Level 3:
       A fountain.
    Level 4:
       A general store.
    Level 5: <- You were here.
       Final resting place for
          you, killed by a rothe,
          BeardyHaddock-Arc-Gno-Mal-Neu, killed by a rothe.


Vanquished creatures:
  2 dwarf zombies
 an iguana
  2 acid blobs
  a gas spore
  2 giant rats
  a red mold
  a gecko
  9 jackals
  2 goblins
  2 sewer rats
  3 grid bugs
  6 lichens
  6 newts
38 creatures vanquished.

No species were genocided or became extinct.

Game over:
                       ----------
                      /          \
                     /    REST    \
                    /      IN      \
                   /     PEACE      \
                  /                  \
                  |      Grufus      |
                  |      75 Au       |
                  |   killed by a    |
                  |      rothe       |
                  |                  |
                  |                  |
                  |       2026       |
                 *|     *  *  *      | *
        _________)/\\_//(\/(/\)/\//\/|_)_______

Goodbye Grufus the Wizard...

You died in The Dungeons of Doom on dungeon level 5 with 592 points,
and 75 pieces of gold, after 1792 moves.
You were level 3 with a maximum of 24 hit points when you died.

